 Dungeon Crawl Stone Soup version 0.31-a0-662-g684573625c (webtiles) character file.

Game seed: 6536159818447721813

0 jvm the Chiller (level 1, -3/13 HPs)
             Began as a Human Ice Elementalist on Sept 1, 2023.
             Frozen to death by an endoplasm (5 damage)
             ... on level 1 of the Dungeon.
             The game lasted 00:04:42 (57 turns).

jvm the Chiller (Human Ice Elementalist)              Turns: 57, Time: 00:04:45

Health: -3/13      AC:  2    Str:  8    XL:     1   Next: 0%
Magic:  2/3        EV: 12    Int: 15    God:
Gold:   0          SH:  0    Dex: 13    Spells: 3/4 levels left

rFire   . . .        (no weapon)
rCold   . . .        (no shield)
rNeg    . . .        a - +0 robe
rPois   .            (no helmet)
rElec   .            (no cloak)
rCorr   .            (no gloves)
SInv    .            (no boots)
Will    .....        (no amulet)
Stlth   ++           (no ring)
HPRegen 0.22/turn    (no ring)
MPRegen 0.08/turn

%: no passive effects
@: no status effects
A: no striking features
a: no special abilities


You were on level 1 of the Dungeon.
You visited 1 branch of the dungeon, and saw 1 of its levels.

Inventory:

Armour
 a - a +0 robe (worn)
Potions
 b - a potion of magic


   Skills:
 + Level 2.0 Dodging
 + Level 2.0 Stealth
 + Level 2.0 Spellcasting
 + Level 4.0 Ice Magic


You had 3 spell levels left.
You knew the following spells:

 Your Spells              Type           Power      Damage    Failure   Level
a - Freeze                Ice            52%        1d6       4%          1

Your spell library contained the following spells:

 Spells                   Type           Power      Damage    Failure   Level
 Frozen Ramparts          Ice            26%        1d4       13%         3
 Ozocubu's Armour         Ice            13%        N/A       13%         3
 Summon Ice Beast         Ice/Summ       7%         N/A       67%         4


Dungeon Overview and Level Annotations

Branches:
Dungeon (1/15)

Altars:


Message History

Aim: a kobold, wielding a +0 short sword (about 45% to evade your hands)
Your weapon can't reach that far!
Okay, then.
The kobold hits you with a +0 short sword.
Attack: -) Nothing wielded
Press: ? - help, Dir - move target, f - kobold
Aim: a kobold, wielding a +0 short sword (about 45% to evade your hands)
You hit the kobold but do no damage. The kobold completely misses you.
Attack: -) Nothing wielded
Press: ? - help, Dir - move target, f/p - kobold
Aim: a kobold, wielding a +0 short sword (about 45% to evade your hands)
You closely miss the kobold.
The kobold hits you with a +0 short sword.
Attack: -) Nothing wielded
Press: ? - help, Dir - move target, f/p - kobold
Aim: a kobold, wielding a +0 short sword (about 45% to evade your hands)
You hit the kobold but do no damage.
The kobold hits you with a +0 short sword.
Attack: -) Nothing wielded
Press: ? - help, Dir - move target, f/p - kobold
Aim: a kobold, wielding a +0 short sword (about 45% to evade your hands)
You hit the kobold but do no damage. The kobold completely misses you.
Attack: -) Nothing wielded
Press: ? - help, Dir - move target, f/p - kobold
Aim: a kobold, wielding a +0 short sword (about 45% to evade your hands)
You barely miss the kobold. The kobold closely misses you.
The endoplasm freezes you.
You are frozen.
* * * LOW HITPOINT WARNING * * *
Unknown command.
Casting: Freeze (safe; 4% risk of failure)
Confirm with . or Enter, or press ? or * to list all spells.
Aiming: Freeze (safe; 4% risk of failure)
Press: ? - help, Shift-Dir - straight line, f/p - kobold
Aim: a kobold, wielding a +0 short sword You freeze the kobold.
You kill the kobold!
The endoplasm freezes you.
You are frozen.
You die...

####................
#.................
#........##.......
#####+#..##.......
#...........
##.#........
#######.#.#....#
............##.#
........#@.....#
........#)J.#....
.................
...............>.
########.........
#......[..
#.........
#.........


You could see an endoplasm.

Vanquished Creatures
  A kobold (D:1)
1 creature vanquished.

Notes
Turn   | Place    | Note
-------+----------+-------------------------------------------
     0 | D:1      | jvm the Human Ice Elementalist began the quest for the Orb.
     0 | D:1      | Reached XP level 1. HP: 13/13 MP: 3/3
    57 | D:1      | Frozen to death by an endoplasm

Illustrated notes

Levels and vault maps discovered:
D:1:      saegor_arrival_miasma, layout_basic

Action                     || total
---------------------------++-------
  Melee: Unarmed           ||     5
   Cast: Freeze            ||     1
 Armour: Robe              ||     3
  Dodge: Dodged            ||     3

Table legend: (Time is in decaauts)
 A = Elapsed time spent in this place.
 B = Non-inter-level travel time spent in this place.
 C = Inter-level travel time spent in this place.
 D = Time resting spent in this place.
 E = Time spent auto-exploring this place.
 F = Levels seen in this place.
 G = Mean time per level.
                   A        B        C        D        E       F      G
               +--------+--------+--------+--------+--------+-----+--------+
         Total |     57 |     57 |      0 |      0 |      0 |   1 |   57.0 |
       Dungeon |     57 |     57 |      0 |      0 |      0 |   1 |   57.0 |
               +--------+--------+--------+--------+--------+-----+--------+

Top non-repeatable levels by time:
     D:1: 57 daAuts
